 Dungeon Crawl Stone Soup version 0.23.2-40-g277498a001 (webtiles) character file.

Game seed: 13366424169801993709

6118 Varekei the Spear-Bearer (level 10, 0/74 HPs)
             Began as a Merfolk Skald on Aug 18, 2019.
             Was an Initiate of Nemelex Xobeh.
             Shot with an arrow by a centaur (2 damage)
             ... led by a centaur warrior
             ... on level 11 of the Dungeon on Aug 19, 2019.
             The game lasted 02:17:37 (9047 turns).

Varekei the Spear-Bearer (Merfolk Skald)            Turns: 9047, Time: 02:17:38

Health: 0/74       AC:  7    Str: 12    XL:     10   Next: 89%
Magic:  9/13       EV: 16    Int: 15    God:    Nemelex Xobeh [......]
Gold:   377        SH:  0    Dex: 14    Spells: 2/13 levels left

rFire    . . .     SeeInvis .   b - +0 demon trident
rCold    . . .     Gourm    .   (no shield)
rNeg     . . .     Faith    .   C - +0 leather armour {MR+}
rPois    .         Spirit   .   l - +1 hat
rElec    .         Reflect  .   (no cloak)
rCorr    +         Harm     .   (no gloves)
MR       +....                  p - +0 pair of boots {Fly}
Stlth    +.........             (no amulet)
HPRegen  0.22/turn              n - ring of resist corrosion
MPRegen  0.13/turn              e - +2 ring of protection

@: flying, very slightly contaminated
A: change form in water, swift swim, stealthy swim
a: Draw Escape, Draw Destruction, Draw Summoning, Renounce Religion, Stop Flying


You were on level 11 of the Dungeon.
You worshipped Nemelex Xobeh.
Nemelex Xobeh was noncommittal.
You were not hungry.

You visited 2 branches of the dungeon, and saw 12 of its levels.

You collected 377 gold pieces.

Inventory:

Hand Weapons
 a - a +1 spear
 b - a +0 demon trident (weapon)
 c - a +2 short sword of flaming
 u - a +2 flail of protection
 y - a +2 antimagic dire flail
Armour
 l - a +1 hat (worn)
 o - a +0 shield
 p - a +0 pair of boots of flying (worn)
 v - a +4 ring mail
 C - a +0 leather armour of magic resistance (worn)
Magical Staves
 x - a cursed staff of poison {unknown}
Jewellery
 e - a +2 ring of protection (right hand)
 m - an uncursed ring of see invisible
 n - a ring of resist corrosion (left hand)
Wands
 w - a wand of flame (17)
 z - a wand of enslavement (9)
 A - a wand of digging (2)
 F - a wand of polymorph (9)
Scrolls
 f - a scroll of enchant armour {unknown}
 h - a scroll of remove curse
 j - a scroll of fog {unknown}
 k - a scroll of magic mapping
 q - 6 scrolls of identify
 r - 3 scrolls of immolation
 s - 3 scrolls of enchant weapon
 H - a scroll of fear {unknown}
Potions
 i - a potion of berserk rage {unknown}
 B - a potion of agility
 D - 2 potions of brilliance
 E - 2 potions of curing {unknown}
Comestibles
 d - 3 rations


   Skills:
 + Level 5.5 Fighting
 - Level 14.0 Polearms
 + Level 3.0 Armour
 - Level 8.0 Dodging
 - Level 2.0 Spellcasting
 - Level 2.0 Hexes
 - Level 9.3 Charms
 - Level 0.1 Translocations
 - Level 4.0 Invocations


You had 2 spell levels left.
You knew the following spells:

 Your Spells              Type           Power        Failure   Level  Hunger
a - Infusion              Chrm           ####         1%          1    #......
b - Shroud of Golubria    Chrm/Tloc      ###.......   6%          2    ###....
c - Spectral Weapon       Hex/Chrm       ###.....     9%          3    ###....
d - Regeneration          Chrm/Necr      ###.......   13%         3    ###....
e - Song of Slaying       Chrm           ####....     1%          2    ###....

Your spell library contained the following spells:

 Spells                   Type           Power        Failure   Level  Hunger


Dungeon Overview and Level Annotations

Branches:
Dungeon (12/15)            Temple (1/1) D:6             Orc (0/2) D:11
   Lair: D:8-11

Altars:
Ashenzari
Cheibriados
Dithmenos
Elyvilon
Fedhas
Gozag
Hepliaklqana
Kikubaaqudgha
Makhleb
Nemelex Xobeh
Okawaru
Qazlal
Ru
Sif Muna
Trog
Uskayaw
Vehumet
Wu Jian
Xom
Yredelemnul
Zin
The Shining One

Shops:
D:5 =   D:8 }


Message History

The centaur warrior struggles against the net.
Casting: Spectral Weapon (safe; 9% risk of failure)
Confirm with . or Enter, or press ? or * to list all spells.
You miscast Regeneration.
You are very lightly contaminated with residual magic.
Nothing appears to happen.
The centaur shoots an arrow.
The arrow hits you but does no damage.
The centaur warrior shoots an arrow.
The arrow closely misses you.
The centaur warrior shoots an arrow.
The arrow hits you!
* * * LOW HITPOINT WARNING * * *
You see here 2 arrows.
The centaur shoots an arrow.
The arrow hits you but does no damage.
The centaur warrior shoots an arrow.
The arrow hits you!
* * * LOW HITPOINT WARNING * * *
You see here 2 arrows.
Okay, then.
You draw a card...
You have drawn the Shaft.
A shaft materialises beneath you!
The centaur shoots an arrow.
The arrow hits you.
You die...
Your body disappears without a glow.

# #.....# # #.....# # #.....# #
#.....# # #.....# #
########.....# # ##...(.c...((.#
###(.(...c......#############.##
c((((.((.c......@..........^...#
###..(...)...###################
############


You could see a centaur warrior and 2 centaurs.

Vanquished Creatures
  Harold (D:8)
  Erica (D:8)
  A centaur zombie (D:12)
  3 hippogriffs
  6 yaks (D:11)
  A wyvern (D:9)
  3 hungry ghosts (D:11)
  A water moccasin (D:8)
  An orc warrior (D:12)
  An ice beast (D:8)
  An eye of draining (D:12)
  A necrophage (D:8)
  2 ogres
  2 centaurs
  A crocodile (D:8)
  2 bullfrogs
  3 scorpions
  A troll zombie (D:11)
  6 wights (D:8)
  4 howler monkeys
  3 crimson imps
  2 bullfrog zombies
  3 jellies
  3 orc priests
  3 hounds
  A centaur skeleton (D:6)
  3 orc wizards
  Jessica (D:3)
  An iguana (D:4)
  2 worker ants (D:4)
  7 ogre zombies (D:11)
  A hound skeleton (D:4)
  10 adders
  3 gnolls (D:3)
  A shadow imp (D:7)
  2 oozes
  3 adder skeletons
  5 worms
  2 dart slugs
  A leopard gecko (D:3)
  20 orcs
  2 ball pythons (D:1)
  8 bats
  3 giant cockroaches
  8 hobgoblins
  9 jackals
  5 kobolds
  4 quokkas
  7 frilled lizards
  9 goblins
  3 goblin skeletons (D:11)
  A goblin zombie (D:11)
  3 hobgoblin skeletons (D:11)
  A hobgoblin zombie (D:11)
  A jackal skeleton (D:6)
  2 leopard gecko skeletons
  3 orc skeletons (D:11)
  13 orc zombies (D:11)
  11 rats
212 creatures vanquished.

Vanquished Creatures (collateral kills)
  An orc skeleton (D:11)
1 creature vanquished.

Vanquished Creatures (others)
  7 spectral weapons
7 creatures vanquished.

Grand Total: 220 creatures vanquished

Notes
Turn   | Place    | Note
-------+----------+-------------------------------------------
     0 | D:1      | Varekei the Merfolk Skald began the quest for the Orb.
     0 | D:1      | Reached XP level 1. HP: 16/16 MP: 3/3
    39 | D:1      | Reached XP level 2. HP: 17/22 MP: 1/5
   266 | D:1      | HP: 1/22 [goblin (3)]
   951 | D:2      | Reached XP level 3. HP: 28/28 MP: 3/6
  1141 | D:2      | Reached skill level 4 in Polearms
  1335 | D:2      | Found a glowing golden altar of the Shining One.
  1559 | D:3      | Reached XP level 4. HP: 34/34 MP: 2/7
  1715 | D:3      | Reached skill level 5 in Polearms
  1971 | D:3      | Learned a level 2 spell: Shroud of Golubria
  2107 | D:3      | Reached XP level 5. HP: 39/41 MP: 5/8
  2121 | D:3      | Reached skill level 6 in Polearms
  2565 | D:3      | Noticed Jessica
  2576 | D:3      | Killed Jessica
  2632 | D:3      | Reached skill level 7 in Polearms
  2642 | D:3      | Reached skill level 1 in Armour
  2915 | D:4      | Reached XP level 6. HP: 47/47 MP: 9/9
  3910 | D:4      | Reached skill level 5 in Dodging
  3932 | D:4      | Reached XP level 7. HP: 52/52 MP: 4/10
  4171 | D:5      | Entered Level 5 of the Dungeon
  4413 | D:5      | Reached skill level 5 in Charms
  4610 | D:5      | Learned a level 3 spell: Spectral Weapon
  4677 | D:5      | Found Cejoolups's Jewellery Shoppe.
  5287 | D:6      | Found a staircase to the Ecumenical Temple.
  5342 | D:6      | Reached XP level 8. HP: 36/60 MP: 4/11
  5564 | D:6      | You are sucked into a shaft for 2 floors!
  5590 | D:8      | Reached skill level 8 in Polearms
  5605 | D:8      | Found a radiant altar of Vehumet.
  5608 | D:8      | Noticed a hippogriff
  5724 | D:8      | Reached skill level 1 in Hexes
  5973 | D:8      | Noticed Erica
  6005 | D:8      | Killed Erica
  6005 | D:8      | Reached skill level 10 in Polearms
  6005 | D:8      | Reached XP level 9. HP: 65/65 MP: 7/12
  6083 | D:8      | Found Afruvyil's Gadget Shoppe.
  6157 | D:8      | Reached skill level 11 in Polearms
  6162 | D:8      | Learned a level 3 spell: Regeneration
  6165 | D:8      | Learned a level 2 spell: Song of Slaying
  6190 | D:8      | Noticed Harold
  6485 | D:8      | Killed Harold
  6485 | D:8      | Reached skill level 12 in Polearms
  6533 | D:8      | Reached XP level 10. HP: 45/73 MP: 1/13
  6896 | D:8      | Reached skill level 5 in Fighting
  6896 | D:8      | Reached skill level 13 in Polearms
  7186 | Temple   | Entered the Ecumenical Temple
  7546 | Temple   | Became a worshipper of Nemelex Xobeh the Trickster
  7632 | D:6      | Received a gift from Nemelex Xobeh
  7744 | D:6      | You are sucked into a shaft for 2 floors!
  8127 | D:9      | You are sucked into a shaft for 3 floors!
  8128 | D:12     | Noticed a cyclops
  8130 | D:12     | Noticed a six-headed hydra
  8406 | D:12     | Reached skill level 14 in Polearms
  8422 | D:12     | Noticed a gargoyle
  8476 | D:11     | Found a staircase to the Orcish Mines.
  8481 | D:11     | Received a gift from Nemelex Xobeh
  8504 | D:11     | Reached skill level 1 in Invocations
  9028 | D:11     | Noticed a centaur warrior
  9046 | D:11     | HP: 2/74 [centaur warrior/arrow (16)]
  9047 | D:11     | Shot with an arrow by a centaur

Skill      XL: |  1  2  3  4  5  6  7  8  9 10 |
---------------+-------------------------------+-----
Dodging        | 3 5 7 8 |  8.0
Charms         | 4 5 7 8 9 |  9.3
Polearms       | 4 5 7 10 12 14 | 14.0
Fighting       | 3 4 5 |  5.5
Armour         | 1 2 3 |  3.0
Hexes          | 1 2 |  2.0
Invocations    | 4 |  4.0
Spellcasting   | |  2.0
Translocations | |  0.1

Action                   |  1- 3 |  4- 6 |  7- 9 | 10-12 || total
-------------------------+-------+-------+-------+-------++-------
Melee: Spear             |   139 |   110 |       |       ||   249
       Trident           |       |   162 |   122 |       ||   284
       Demon trident     |       |       |    85 |   255 ||   340
Throw: Throwing net      |       |       |     3 |     2 ||     5
 Cast: Infusion          |    10 |    18 |    19 |     5 ||    52
       Shroud of Golubri |       |     2 |     4 |     4 ||    10
       Spectral Weapon   |       |       |     9 |     9 ||    18
       Song of Slaying   |       |       |       |     4 ||     4
       Regeneration      |       |       |       |     3 ||     3
 Abil: Draw Escape       |       |       |       |     3 ||     3
       Draw Summoning    |       |       |       |     1 ||     1
Evoke: Wand              |       |       |     1 |       ||     1
  Use: Scroll            |     2 |     8 |     3 |     2 ||    15
       Potion            |       |     4 |     1 |     4 ||     9
 Stab: Sleeping          |       |     2 |       |       ||     2
       Held in net/web   |       |       |     2 |       ||     2
  Eat: Ration            |     1 |     3 |     2 |     5 ||    11
Armor: Leather armour    |    38 |    43 |    28 |    33 ||   142
       Ring mail         |       |    12 |     7 |       ||    19
Dodge: Dodged            |   102 |   126 |    96 |   106 ||   430
